 Dungeon Crawl Stone Soup version 0.24.0-29-g8ce449bc06 (webtiles) character file.

Game seed: 564534575386589180, levelgen mode: deterministic

212363 Flugslaktarn the Severer (level 17, -4/163 HPs)
             Began as a Minotaur Fighter on Nov 14, 2019.
             Was an Initiate of Gozag.
             Blown up by an eye of devastation (12 damage)
             ... with a bolt of energy
             ... on level 5 of the Pits of Slime.
             The game lasted 00:23:41 (30184 turns).

Flugslaktarn the Severer (Minotaur Fighter)        Turns: 30184, Time: 00:23:42

Health: -4/163     AC: 16    Str: 32    XL:     17   Next: 77%
Magic:  0/34       EV: 13    Int: 17    God:    Gozag
Gold:   1475       SH: 24    Dex: 24    Spells: 16/16 levels left

rFire    + + .     SeeInvis .   Q - +6 broad axe (elec)
rCold    . . .     Gourm    .   W - +0 large shield
rNeg     + . .     Faith    .   L - +4 chain mail of Ru's Hatred {rN+ Int+7 Slay+5}
rPois    +         Spirit   +   (helmet unavailable)
rElec    +         Reflect  .   C - +1 cloak {rPois}
rCorr    +         Harm     .   R - +2 pair of gloves of the Cuttlefish {rC- Str+2 Dex+6}
MR       ++...     Rnd*Tele +   V - +2 pair of boots {run}
Stlth    ..........             s - amulet "Cithruy" {Spirit MR+ Int+2}
HPRegen  0.37/turn              f - ring of protection from fire
MPRegen  0.24/turn              Y - ring of magical power

@: mighty, brilliant, agile, resistant, corroded, gold aura, hasted, very quick
A: retaliatory headbutt, horns 3, blurry vision 1, dopey 1, high mp 1,
teleportitis 1
}: 2/15 runes: serpentine, barnacled
a: Potion Petition, Call Merchant, Bribe Branch, Renounce Religion


You were on level 5 of the Pits of Slime.
You worshipped Gozag.
Gozag was most pleased with you.
You were not hungry.

You visited 6 branches of the dungeon, and saw 30 of its levels.
You also visited: Bailey and Ice Cave.

You collected 8709 gold pieces.
You spent 1146 gold pieces at shops.
You paid 6088 gold pieces to Gozag.

Inventory:

Hand Weapons
 Q - a +6 broad axe of electrocution (weapon)
   (You bought it in a shop on level 3 of the Lair of Beasts)
 S - the +5 war axe of the Valley {chop, rPois rC++ Str+2}
   (You found it on level 4 of the Lair of Beasts)

   It inflicts extra damage upon your enemies.
   It affects your strength (+2).
   It greatly protects you from cold.
   It protects you from poison.
Missiles
 b - 13 throwing nets (quivered)
Armour
 c - a +2 plate armour of magic resistance
   (You took it off Donald on level 3 of the Snake Pit)
 C - a +1 cloak of poison resistance (worn)
   (You took it off Maurice on level 8 of the Dungeon)
 L - the +4 chain mail of Ru's Hatred (worn) {rN+ Int+7 Slay+5}
   (You bought it in a shop on level 6 of the Lair of Beasts)

   It affects your intelligence (+7).
   It affects your accuracy and damage with ranged weapons and melee attacks
   (+5).
   It protects you from negative energy.
 R - the +2 pair of gloves of the Cuttlefish (worn) {rC- Str+2 Dex+6}
   (You bought it in a shop on level 6 of the Lair of Beasts)

   It affects your strength (+2).
   It affects your dexterity (+6).
   It makes you vulnerable to cold.
 V - a +2 pair of boots of running (worn)
   (You bought it in a shop on level 6 of the Lair of Beasts)
 W - a +0 large shield (worn)
   (You took it off a naga warrior on level 2 of the Snake Pit)
Jewellery
 f - a ring of protection from fire (left hand)
   (You found it on level 3 of the Dungeon)
 j - a +2 ring of dexterity
   (You found it on level 1 of the Dungeon)
 s - the amulet "Cithruy" (around neck) {Spirit MR+ Int+2}
   (You took it off an orc knight in a bailey)

   [amulet of guardian spirit]

   It causes incoming damage to be split between your health and magic.
   It affects your intelligence (+2).
   It affects your resistance to hostile enchantments.
 K - an uncursed ring of protection from fire
   (You found it on level 10 of the Dungeon)
 M - an uncursed ring of positive energy
   (You found it on level 2 of the Lair of Beasts)
 Y - a ring of magical power (right hand)
   (You found it on level 4 of the Shoals)
Wands
 a - a wand of enslavement (16)
   (You found it in a bailey)
 v - a wand of digging (18)
   (You found it on level 9 of the Dungeon)
 y - a wand of iceblast (16)
   (You found it on level 1 of the Lair of Beasts)
 H - a wand of paralysis (9)
   (You found it on level 10 of the Dungeon)
 U - a wand of clouds (7)
   (You found it on level 2 of the Snake Pit)
Scrolls
 g - 3 scrolls of enchant armour
 m - 4 scrolls of amnesia
 p - a scroll of holy word
 r - 3 scrolls of identify
 t - 3 scrolls of teleportation
 w - 11 scrolls of remove curse
 z - a scroll of blinking
 B - 2 scrolls of fog
 E - 3 scrolls of immolation
 G - 2 scrolls of fear
 I - a scroll of torment
 J - 3 scrolls of enchant weapon
 T - 2 scrolls of magic mapping
Potions
 d - 5 potions of might
 h - 3 potions of haste
 i - 4 potions of lignification
 k - 3 potions of berserk rage
 l - 3 potions of ambrosia
 n - a potion of resistance
 o - 4 potions of flight
 q - 3 potions of curing
 u - a potion of cancellation
 A - 2 potions of brilliance
 N - a potion of magic {unknown}
 O - a potion of mutation
Miscellaneous
 F - a box of beasts
Comestibles
 e - 20 rations


   Skills:
 + Level 17.9 Fighting
 - Level 18.0 Axes
 + Level 17.9 Armour
 - Level 0.5 Dodging
 + Level 17.9 Shields
 - Level 10.0 Evocations


You had 16 spell levels left.
You didn't know any spells.
Your spell library was empty.

Dungeon Overview and Level Annotations

Branches:
Dungeon (10/15)            Temple (1/1) D:5            Lair (6/6) D:10
 Shoals (4/4) Lair:2        Snake (4/4) Lair:2        Slime (5/5) Lair:5
 Bailey (visited)           IceCv (visited)
    Orc: D:9-12

Altars:
Ashenzari
Cheibriados
Dithmenos
Fedhas
Gozag
Hepliaklqana
Kikubaaqudgha
Makhleb
Nemelex Xobeh
Qazlal
Ru
Sif Muna
Trog
Uskayaw
Wu Jian
Xom
Yredelemnul
Zin
The Shining One

Shops:
Lair:3 (   Lair:6 [   Shoals:2 %(%   Shoals:4 *

Portals:
Hell: Lair:6

Annotations:
D:10 4 runed translucent doors
Lair:3 exclusion: oklob plant
Slime:5 Royal Jelly


Innate Abilities, Weirdness & Mutations

You reflexively headbutt those who attack you in melee.
You have a pair of large horns on your head.
Scrolls take you a little longer to read.
You are dopey. (Int -2)
You have an increased reservoir of magic. (+10% MP)
You are occasionally teleported next to monsters.


Message History

Your surroundings seem slightly different.
The great orb of eyes is no longer distracted by gold.
You block the slime creature's attack.
You slice the slime creature!!
Your headbutt misses the slime creature.
The slime creature is almost dead.
You slice the slime creature!!
You kill the slime creature!
A slime creature comes into view.
The eye of devastation gazes at you. The bolt of energy hits you!
* * * LOW HITPOINT WARNING * * *
You slash the great orb of eyes! You headbutt the great orb of eyes!
The great orb of eyes is moderately wounded.
You block the great orb of eyes's attack.
You slice the great orb of eyes!! You headbutt the great orb of eyes!
You kill the great orb of eyes!
The eye of devastation gazes at you. The bolt of energy hits you!
You die...

....... $ ........#
$ $ ........#
........##
.......J.## $$
..........###$ #
.......G....## .#
.......$@....###..#
...........$.......
........$..........
............$......
......$$$...$......
#.......$..........
......$$$..........
...................
...................


You could see a slime creature and an eye of devastation.

Vanquished Creatures
  Vashnia (Snake:4)
  12 acid blobs
  Asterion (Snake:4)
  Gastronok (Lair:1)
  A kraken (Shoals:4)
  Kirke (Shoals:2)
  Donald (Snake:3)
  Ilsuiw (Shoals:2)
  4 azure jellies
  9 nagarajas
  2 entropy weavers (Lair:5)
  A dire elephant (Lair:6)
  A merfolk javelineer (Shoals:4)
  6 merfolk impalers
  Josephine (Lair:5)
  Harold (D:8)
  3 great orbs of eyes
  7 naga warriors
  9 hydras
  5 anacondas
  2 merfolk avatars (Shoals:4)
  A hell beast (Lair:6)
  A catoblepas (Lair:5)
  A two-headed ogre (D:10)
  A merfolk aquamancer (Shoals:4)
  4 shock serpents
  A queen ant (Lair:5)
  15 naga sharpshooters
  3 salamander mystics
  A fire crab (Shoals:4)
  4 sea snakes
  A kraken simulacrum (Shoals:4)
  A wizard (Lair:6)
  11 naga ritualists
  5 harpies (Shoals:4)
  2 orc knights (Bailey)
  2 shining eyes (Slime:5)
  12 mana vipers
  2 ugly things
  3 manticores (Shoals:4)
  11 salamanders
  4 elephants (Lair:6)
  Maurice (D:8)
  2 eyes of devastation (Slime:5)
  6 merfolk sirens
  Joseph (D:9)
  3 water nymphs
  31 black mambas
  24 naga magi
  A guardian serpent (Snake:3)
  2 orange demons (Lair:6)
  A smoke demon (Lair:6)
  8 spiny frogs
  3 rime drakes (Lair:6)
  5 komodo dragons
  2 ice devils (Lair:6)
  A troll (D:10)
  2 red devils (Lair:6)
  23 merfolk
  A wind drake (Shoals:1)
  5 blink frogs (Lair:1)
  8 snapping turtles
  3 dream sheep
  43 slime creatures
  12 hippogriffs
  4 water elementals
  4 wraiths (Lair:5)
  3 wyverns
  27 yaks
  3 fire bats (Shoals:4)
  4 hogs (Shoals:2)
  3 basilisks
  Grum (Lair:1)
  A hungry ghost (D:8)
  4 hell hounds (Lair:6)
  27 nagas
  27 soldier ants
  12 water moccasins
  3 sky beasts
  8 porcupines
  11 ice beasts
  A phantom (D:9)
  6 orc warriors
  2 eyes of draining (Slime:2)
  7 ogres
  10 wolves
  9 crocodiles
  7 centaurs
  4 big kobolds (D:8)
  14 bullfrogs
  7 scorpions
  14 killer bees
  3 wights (D:6)
  2 electric eels (Snake:3)
  7 howler monkeys
  2 crimson imps
  5 hounds
  A quasit (D:8)
  6 orc priests
  5 jellies
  3 bullfrog skeletons
  7 orc wizards
  Terence (D:2)
  24 worker ants
  A hound zombie (D:6)
  A hound skeleton (D:6)
  2 worker ant zombies
  14 adders
  A gnoll (Bailey)
  2 shadow imps
  12 white imps (Lair:5)
  5 oozes
  2 adder skeletons
  An adder zombie (D:6)
  3 worms
  2 dart slugs
  4 leopard geckos
  41 orcs
  2 ball pythons
  4 giant cockroaches
  15 goblins
  12 hobgoblins
  6 jackals (D:4)
  22 kobolds
  3 quokkas
  7 bats
  6 frilled lizards
  2 rats
  2 fungi
  8 plants
  3 tentacles (Shoals:4)
816 creatures vanquished.

Vanquished Creatures (collateral kills)
  A merfolk javelineer (Shoals:4)
  2 merfolk impalers (Shoals:4)
  A hydra (Lair:5)
  3 manticores (Shoals:4)
  4 merfolk (Shoals:4)
  A wind drake (Shoals:4)
  2 snapping turtles (Shoals:4)
  A centaur (Shoals:4)
15 creatures vanquished.

Vanquished Creatures (others)
  A merfolk aquamancer (Shoals:4)
  A water nymph (Shoals:4)
  A komodo dragon (D:10)
  7 merfolk (Shoals:4)
  A human (Shoals:2)
  7 fungi
  6 plants
  7 tentacles (Shoals:4)
31 creatures vanquished.

Grand Total: 862 creatures vanquished

Notes
Turn   | Place    | Note
-------+----------+-------------------------------------------
     0 | D:1      | Flugslaktarn the Minotaur Fighter began the quest for the
                  | Orb.
     0 | D:1      | Reached XP level 1. HP: 19/19 MP: 0/0
   237 | D:1      | Reached XP level 2. HP: 27/27 MP: 1/1
   288 | D:1      | Reached skill level 3 in Axes
   655 | D:2      | Reached XP level 3. HP: 29/33 MP: 2/2
   815 | D:2      | Noticed Terence
   831 | D:2      | Killed Terence
   831 | D:2      | Reached XP level 4. HP: 14/40 MP: 3/3
  1241 | D:2      | Reached skill level 4 in Axes
  1310 | D:2      | Found a bloodstained altar of Trog.
  1613 | D:3      | Reached XP level 5. HP: 47/47 MP: 4/4
  1761 | D:3      | Reached skill level 5 in Axes
  2516 | D:4      | Reached XP level 6. HP: 49/55 MP: 5/5
  2520 | D:4      | Reached skill level 5 in Fighting
  2520 | D:4      | Reached skill level 5 in Armour
  2520 | D:4      | Reached skill level 5 in Shields
  2969 | D:4      | Reached skill level 6 in Axes
  2969 | D:4      | Reached XP level 7. HP: 59/61 MP: 6/6
  3489 | D:5      | Entered Level 5 of the Dungeon
  3841 | D:5      | Found a staircase to the Ecumenical Temple.
  3857 | Temple   | Entered the Ecumenical Temple
  4076 | Temple   | Became a worshipper of Gozag Ym Sagoz the Greedy
  4170 | D:5      | Reached skill level 7 in Axes
  4294 | D:5      | Found a glowing golden altar of the Shining One.
  4634 | D:6      | Reached XP level 8. HP: 48/70 MP: 7/7
  4963 | D:6      | Noticed a hippogriff
  4972 | D:6      | Killed a hippogriff
  4972 | D:6      | Reached skill level 8 in Axes
  5501 | D:6      | Gained mutation: You have an increased reservoir of magic.
                  | (+10% MP) [potion of mutation]
  5501 | D:6      | Gained mutation: Your flesh is cold resistant. (rC+)
                  | [potion of mutation]
  5501 | D:6      | Gained mutation: You have a pair of large horns on your
                  | head. [potion of mutation]
  5704 | D:6      | Reached skill level 9 in Axes
  5816 | D:7      | Reached XP level 9. HP: 56/79 MP: 8/8
  6365 | D:7      | Reached skill level 10 in Axes
  6680 | D:7      | Found a glowing golden altar of the Shining One.
  6787 | D:8      | Noticed Maurice
  6807 | D:8      | Killed Maurice
  7422 | D:8      | Reached skill level 11 in Axes
  7422 | D:8      | Reached XP level 10. HP: 74/90 MP: 10/10
  7795 | D:8      | Noticed a two-headed hydra
  8041 | D:8      | Noticed Harold
  8061 | D:8      | Killed Harold
  8602 | D:9      | Noticed Joseph
  8615 | D:9      | Killed Joseph
  8615 | D:9      | Reached skill level 12 in Axes
  9345 | D:10     | Entered Level 10 of the Dungeon
  9420 | D:10     | Found a flagged portal.
  9439 | Bailey   | Entered a bailey
  9445 | Bailey   | Noticed an orc knight
  9553 | Bailey   | Noticed an orc knight
  9565 | Bailey   | Killed an orc knight
  9621 | Bailey   | Identified the cursed +0 chain mail of the Battered People
                  | {Regen+ rCorr Slay+2}
  9621 | Bailey   | Identified the amulet "Cithruy" {Spirit MR+ Int+2}
  9697 | Bailey   | Killed an orc knight
  9697 | Bailey   | Reached XP level 11. HP: 56/99 MP: 11/11
 10040 | D:10     | Found a large runed translucent door.
 10040 | D:10     | Found a large runed translucent door.
 10136 | D:10     | Noticed a two-headed ogre
 10145 | D:10     | Reached skill level 10 in Shields
 10152 | D:10     | Killed a two-headed ogre
 10152 | D:10     | Reached skill level 10 in Fighting
 10152 | D:10     | Reached skill level 13 in Axes
 10152 | D:10     | Reached skill level 10 in Armour
 10292 | D:10     | Found a staircase to the Lair.
 10657 | D:10     | Found a large runed translucent door.
 10810 | D:10     | Found a large runed translucent door.
 10843 | D:10     | Noticed a green ugly thing
 10851 | D:10     | Killed a green ugly thing
 11080 | Lair:1   | Entered Level 1 of the Lair of Beasts
 11337 | Lair:1   | Reached skill level 14 in Axes
 11403 | Lair:1   | Noticed Grum
 11419 | Lair:1   | Killed Grum
 11433 | Lair:1   | Noticed Gastronok
 11446 | Lair:1   | Killed Gastronok
 11446 | Lair:1   | Reached XP level 12. HP: 78/110 MP: 6/12
 11751 | Lair:1   | Noticed a six-headed hydra
 11768 | Lair:1   | Killed a six-headed hydra
 12244 | Lair:2   | Reached skill level 1 in Evocations
 12313 | Lair:2   | Found a staircase to the Snake Pit.
 12356 | Lair:2   | Found a staircase to the Shoals.
 13211 | Lair:3   | Reached skill level 15 in Axes
 13230 | Lair:3   | Noticed a seven-headed hydra
 13310 | Lair:3   | Killed a seven-headed hydra
 13317 | Lair:3   | Bought a glowing broad axe for 273 gold pieces
 13553 | Lair:3   | You fall into a shaft and drop 2 floors!
 13553 | Lair:5   | Found a frozen archway.
 13553 | Lair:5   | Noticed a catoblepas
 13566 | Lair:5   | Killed a catoblepas
 13671 | IceCv    | Entered an ice cave
 13675 | IceCv    | Found a transporter.
 13842 | Lair:4   | Noticed a four-headed hydra
 13855 | Lair:4   | Killed a four-headed hydra
 13983 | Lair:4   | Noticed a six-headed hydra
 13995 | Lair:4   | Killed a seven-headed hydra
 14019 | Lair:4   | Got a twisted war axe
 14020 | Lair:4   | Identified the +5 war axe of the Valley {chop, rPois rC++
                  | Str+2} (You found it on level 4 of the Lair of Beasts)
 14146 | Lair:4   | Reached XP level 13. HP: 100/118 MP: 14/16
 14633 | Lair:5   | Noticed an entropy weaver
 15208 | Lair:5   | Noticed an entropy weaver
 15220 | Lair:5   | Killed an entropy weaver
 15220 | Lair:5   | Reached skill level 16 in Axes
 15403 | Lair:5   | Killed an entropy weaver
 15650 | Lair:5   | Found a staircase to the Slime Pits.
 16073 | Lair:5   | Noticed Josephine
 16091 | Lair:5   | Killed Josephine
 16228 | Lair:6   | Entered Level 6 of the Lair of Beasts
 16522 | Lair:6   | Noticed a dire elephant
 16543 | Lair:6   | Killed a dire elephant
 16771 | Lair:6   | Reached skill level 5 in Evocations
 16865 | Lair:6   | Found a burning altar of Makhleb.
 16879 | Lair:6   | Reached skill level 17 in Axes
 16887 | Lair:6   | Found a gateway to Hell.
 17147 | Lair:6   | Reached XP level 14. HP: 129/129 MP: 18/18
 17655 | Lair:6   | Bought a smoking chain mail for 313 gold pieces
 17655 | Lair:6   | Bought a pair of jewelled gloves for 313 gold pieces
 17655 | Lair:6   | Bought a pair of embroidered boots for 247 gold pieces
 17660 | Lair:6   | Identified a +2 pair of boots of running (You bought it in
                  | a shop on level 6 of the Lair of Beasts)
 17671 | Lair:6   | Identified the +4 chain mail of Ru's Hatred {rN+ Int+7
                  | Slay+5} (You bought it in a shop on level 6 of the Lair of
                  | Beasts)
 17682 | Lair:6   | Identified the +2 pair of gloves of the Cuttlefish {rC-
                  | Str+2 Dex+6} (You bought it in a shop on level 6 of the
                  | Lair of Beasts)
 17790 | Snake:1  | Entered Level 1 of the Snake Pit
 18717 | Snake:2  | Noticed a nagaraja
 18725 | Snake:2  | Killed a nagaraja
 18989 | Snake:2  | Reached skill level 18 in Axes
 19144 | Snake:3  | Noticed Donald
 19170 | Snake:3  | Killed Donald
 19996 | Snake:3  | Noticed a nagaraja
 20006 | Snake:3  | Killed a nagaraja
 20347 | Snake:4  | Entered Level 4 of the Snake Pit
 20354 | Snake:4  | Reached XP level 15. HP: 138/138 MP: 21/21
 20393 | Snake:4  | Noticed a nagaraja
 20925 | Snake:4  | Noticed Asterion
 20939 | Snake:4  | Killed Asterion
 21481 | Snake:4  | Noticed a nagaraja
 21496 | Snake:4  | Killed a nagaraja
 21585 | Snake:4  | Noticed a nagaraja
 21586 | Snake:4  | Noticed a nagaraja
 21589 | Snake:4  | Noticed a nagaraja
 21598 | Snake:4  | Killed a nagaraja
 21620 | Snake:4  | Killed a nagaraja
 21626 | Snake:4  | Killed a nagaraja
 21626 | Snake:4  | Reached skill level 15 in Shields
 21639 | Snake:4  | Reached skill level 15 in Fighting
 21639 | Snake:4  | Reached skill level 15 in Armour
 21644 | Snake:4  | Noticed a nagaraja
 22063 | Snake:4  | Killed a nagaraja
 22150 | Snake:4  | Killed a nagaraja
 22267 | Snake:4  | Noticed Vashnia
 22293 | Snake:4  | HP: 4/141 [naga sharpshooter/bolt[Vashnia] (15)]
 22446 | Snake:4  | Reached XP level 16. HP: 70/149 MP: 22/24
 22846 | Snake:4  | Killed Vashnia
 22884 | Snake:4  | Got a serpentine rune of Zot
 24100 | Shoals:1 | Entered Level 1 of the Shoals
 24499 | Shoals:2 | Noticed Kirke
 24506 | Shoals:2 | Noticed a sphinx
 24512 | Shoals:2 | Killed Kirke
 24535 | Shoals:2 | Noticed Ilsuiw
 24536 | Shoals:2 | Found Odyr's Food Shop.
 24589 | Shoals:2 | Killed Ilsuiw
 24804 | Shoals:2 | Found Zyputegg's Antique Weapon Shop.
 24843 | Shoals:2 | Found Ruluqis's Food Emporium.
 25056 | Shoals:3 | Reached skill level 10 in Evocations
 25313 | Shoals:4 | Entered Level 4 of the Shoals
 26378 | Shoals:4 | Identified the cursed +1 arbalest of Eternal Harmony
                  | {penet, rF+ Dex+3}
 26591 | Shoals:4 | Found Kieqiquz's Mass Market.
 26708 | Shoals:4 | Noticed a kraken
 26717 | Shoals:4 | Killed a kraken
 27142 | Shoals:4 | Reached XP level 17. HP: 114/160 MP: 16/25
 27334 | Shoals:4 | Got a barnacled rune of Zot
 27872 | Slime:1  | Entered Level 1 of the Pits of Slime
 27885 | Slime:1  | Noticed an acid blob
 27886 | Slime:1  | Noticed an acid blob
 27896 | Slime:1  | Killed an acid blob
 28208 | Slime:1  | Killed an acid blob
 28453 | Slime:2  | Noticed an acid blob
 28463 | Slime:2  | Killed an acid blob
 28920 | Slime:4  | Noticed an acid blob
 28931 | Slime:4  | Noticed an acid blob
 28937 | Slime:3  | Killed an acid blob
 29149 | Slime:4  | Killed an acid blob
 29506 | Slime:5  | Entered Level 5 of the Pits of Slime
 29524 | Slime:5  | Noticed an acid blob
 29535 | Slime:5  | Killed an acid blob
 29540 | Slime:5  | Noticed an acid blob
 29744 | Slime:5  | Gained mutation: You are dopey. (Int -2) [a shining eye]
 29745 | Slime:5  | Lost mutation: Your flesh is cold resistant. (rC+) [a
                  | shining eye]
 29749 | Slime:5  | Gained mutation: You are occasionally teleported next to
                  | monsters. [a shining eye]
 29752 | Slime:5  | Gained mutation: Scrolls take you a little longer to read.
                  | [a shining eye]
 29767 | Slime:5  | Noticed the Royal Jelly
 29769 | Slime:5  | Killed an acid blob
 30136 | Slime:5  | Noticed an acid blob
 30139 | Slime:5  | Noticed an acid blob
 30143 | Slime:5  | Killed an acid blob
 30143 | Slime:5  | Noticed an acid blob
 30144 | Slime:5  | Noticed an acid blob
 30150 | Slime:5  | Killed an acid blob
 30157 | Slime:5  | Noticed an acid blob
 30159 | Slime:5  | Killed an acid blob
 30167 | Slime:5  | Killed an acid blob
 30174 | Slime:5  | Killed an acid blob
 30179 | Slime:5  | HP: 7/163 [disintegration (7)]
 30184 | Slime:5  | Blown up by an eye of devastation

Levels and vault maps discovered:
D:1:      dpeg_arrival_concentric_ovals, layout_basic
D:2:      layout_basic, lightli_temple_of_fire, uniq_terence
D:3:      layout_loops_ring, kennysheep_donut
D:4:      layout_loops_ring, first_ration, minmay_manual_mandibuliform
D:5:      layout_rooms, minmay_temple_entry_junction, tso_metal_star
D:6:      layout_cave_pools
D:7:      layout_cave_pools, kennysheep_mini_moat
D:8:      layout_basic, hangedman_ranch [blue_anna_fruit_fields], uniq_harold,
          uniq_maurice
D:9:      layout_rooms, uniq_joseph
D:10:     layout_irregular_city, lair_entry_dummy, enter_bailey_2,
          minmay_strange_pillars, minmay_hollow_rounded_squares
Temple:   regret_index_temple_chain_breaker
Lair:1:   layout_regular_city, grunt_megastairs_4, uniq_gastronok, uniq_grum
Lair:2:   layout_cave_pods, elwin_shoals_entry_rocks,
          guppyfry_snake_entry_garden, serial_bayou_shore_a
Lair:3:   layout_regular_city, minmay_lair_oklob_chamber, grunt_megastairs_1
Lair:4:   layout_roguey
Lair:5:   layout_cave_shapes, dpeg_slime_entry_corner,
          portal_ice_cave_entry_imps, minivault_29, lemuel_fruit_fields,
          infiniplex_staircase_pool_2, lemuel_fruit_fields, uniq_josephine
Lair:6:   evil_forest, layout_regular_city
Shoals:1: layout_shoals, ebering_ghost_rock_garden
Shoals:2: layout_shoals, serial_shops, nicolae_shop_trees, shop, shop, shop,
          shop, uniq_ilsuiw, uniq_kirke
Shoals:3: layout_shoals
Shoals:4: shoals_end_grunt_ice, layout_shoals, minmay_shop_mass,
          hangedman_shoal_volcano
Snake:1:  layout_chambers, uniq_aizul
Snake:2:  layout_misc_corridors, basic_altar
Snake:3:  layout_rooms, serial_bayou_pond_c, minmay_snake_pond, uniq_donald
Snake:4:  snake_pit, layout_cave_town, uniq_asterion, uniq_vashnia
Slime:1:  layout_caves
Slime:2:  layout_caves
Slime:3:  layout_caves
Slime:4:  layout_caves
Slime:5

Skill      XL: |  1  2  3  4  5  6  7  8  9 10 11 12 13 14 15 16 17 |
---------------+----------------------------------------------------+-----
Axes           | 3 4 5 6 7 9 11 12 14 15 17 18 | 18.0
Shields        | 4 5 6 7 8 9 11 12 13 14 15 16 17 | 17.9
Fighting       | 4 5 6 7 8 9 11 12 13 14 15 16 17 | 17.9
Armour         | 4 5 6 7 8 9 11 12 14 15 16 17 | 17.9
Evocations     | 3 5 7 9 10 | 10.0
Dodging        | |  0.5

Action                   |  1- 3 |  4- 6 |  7- 9 | 10-12 | 13-15 | 16-18 || total
-------------------------+-------+-------+-------+-------+-------+-------++-------
Melee: War axe           |    72 |   156 |   293 |   156 |   154 |       ||   831
       Headbutt          |    13 |    30 |    52 |   140 |   235 |   198 ||   668
       Hand axe          |       |       |       |    77 |       |       ||    77
       Broad axe         |       |       |       |   330 |   644 |   551 ||  1525
Invok: Potion Petition   |       |       |       |     2 |     2 |     1 ||     5
       Call Merchant     |       |       |       |     1 |     1 |       ||     2
       Bribe Branch      |       |       |       |       |       |     1 ||     1
Evoke: Wand              |       |       |       |    24 |    18 |     2 ||    44
       Box of beasts     |       |       |       |     1 |       |       ||     1
       Phantom mirror    |       |       |       |       |     1 |       ||     1
  Use: Scroll            |       |       |    14 |     7 |     7 |     8 ||    36
       Potion            |       |       |     4 |     2 |     6 |     3 ||    15
 Stab: Distracted        |       |       |     2 |     5 |     9 |     7 ||    23
       Petrified         |       |       |       |     4 |       |       ||     4
       Paralysed         |       |       |       |     4 |       |       ||     4
  Eat: Chunk             |       |     7 |     2 |       |       |       ||     9
       Ration            |       |       |     4 |     6 |     8 |     8 ||    26
Armor: Scale mail        |    38 |    56 |    92 |       |       |       ||   186
       Skin              |       |       |     6 |       |       |       ||     6
       Chain mail        |       |       |     8 |   237 |   257 |   223 ||   725
Dodge: Dodged            |    19 |    36 |    82 |   160 |   128 |    96 ||   521
Block: Shield            |    44 |    76 |   196 |   398 |   276 |       ||   990
       Large shield      |       |       |       |       |   314 |   564 ||   878
